 Dungeon Crawl Stone Soup version 0.30-b1-2-g02819fbbbe (webtiles) character file.

Game seed: 11526597328604903682

259 redmage the Digger (level 6, -4/43 (45) HPs)
             Began as a Meteoran Earth Elementalist on Aug 7, 2023.
             Slain by a wight
             ... wielding a +5 hand axe
              (8 damage)
             ... on level 6 of the Dungeon.
             The game lasted 00:06:28 (367 turns).

redmage the Digger (Meteoran Earth Elementalist)     Turns: 367, Time: 00:06:29

HP:   -4/43 (45)    AC:  2    Str:  9    XL:     6   Next: 69%
MP:   0/11          EV: 12    Int: 20    God:
Gold: 32            SH:  0    Dex: 14    Spells: 5/11 levels left

rFire   . . .        c - +0 short sword (elec)
rCold   . . .        (no shield)
rNeg    . . .        a - +0 robe
rPois   .            (no helmet)
rElec   .            (no cloak)
rCorr   .            (no gloves)
SInv    .            (no boots)
Will    .....        (no amulet)
Stlth   +            (no ring)
HPRegen 0.27/turn    (no ring)
MPRegen 0.12/turn

%: no passive effects
@: very slightly contaminated, glowing, lightly drained
A: sense surroundings 1, otherworldly, glowing, explore regen
a: no special abilities


You were on level 6 of the Dungeon.
You visited 1 branch of the dungeon, and saw 7 of its levels.

You collected 32 gold pieces.

Inventory:

Hand Weapons
 c - a +0 short sword of electrocution (weapon)
Missiles
 d - 2 poisoned darts
Armour
 a - a +0 robe (worn)
Scrolls
 e - a scroll of immolation
 g - a scroll of teleportation
Potions
 b - a potion of magic
 f - a potion of haste {unknown}


   Skills:
 - Level 0.2 Fighting
 - Level 0.3 Short Blades
 - Level 2.4 Dodging
 - Level 1.4 Stealth
 - Level 3.0 Spellcasting
 * Level 2.9 Conjurations
 - Level 1.2 Transmutations
 + Level 7.2 Earth Magic


You had 5 spell levels left.
You knew the following spells:

 Your Spells              Type           Power      Damage    Failure   Level
a - Sandblast             Erth           62%        2d14      1%          1
b - Passwall              Tmut/Erth      15%        N/A       3%          2
c - Stone Arrow           Conj/Erth      46%        3d9       5%          3

Your spell library contained the following spells:

 Spells                   Type           Power      Damage    Failure   Level
 Necrotise                Necr           12%        1d4       14%         1
 Petrify                  Tmut/Erth      19%        N/A       26%         4
 Vampiric Draining        Necr           3%         2d6       38%         3
 Agony                    Necr           3%         N/A       98%         5


Dungeon Overview and Level Annotations

Branches:
Dungeon (7/15) Zot: 3804
 Temple: D:4-7

Altars:

Shops:
D:5 !


Innate Abilities, Weirdness & Mutations

You passively map a small area around you.
You are easily found by Zot.
You glow in the dark.
You regain HP and MP as you explore.


Message History

The wight is moderately damaged.
The wight closely misses you.
Unknown command.
Casting: Stone Arrow (dangerous; 5% risk of failure)
Confirm with . or Enter, or press ? or * to list all spells.
Aiming: Stone Arrow (dangerous; 5% risk of failure)
Press: ? - help, Shift-Dir - straight line, f/p - wight
Aim: a wight, wielding a +5 hand axe and wearing a +0 robe (moderately damaged, 71% to hit)
You miscast Stone Arrow.
You are very lightly contaminated with residual magic.
Nothing appears to happen.
The wight hits you with a +5 hand axe.
Casting: Stone Arrow (dangerous; 5% risk of failure)
Confirm with . or Enter, or press ? or * to list all spells.
Aiming: Stone Arrow (dangerous; 5% risk of failure)
Press: ? - help, Shift-Dir - straight line, f/p - wight
Aim: a wight, wielding a +5 hand axe and wearing a +0 robe (moderately damaged, 71% to hit)
The stone arrow hits the wight!
The wight is severely damaged.
The wight hits you with a +5 hand axe!
Unknown command.
Unknown command.
Casting: Stone Arrow (dangerous; 5% risk of failure)
Confirm with . or Enter, or press ? or * to list all spells.
Aiming: Sandblast (safe; 1% risk of failure)
Press: ? - help, Shift-Dir - straight line, f/p - wight
Aim: a wight, wielding a +5 hand axe and wearing a +0 robe (severely damaged, 84% to hit)
The blast of sand hits the wight.
The wight is almost destroyed.
The wight hits you with a +5 hand axe!
* * * LOW HITPOINT WARNING * * *
You feel drained.
* * * LOW HITPOINT WARNING * * *
Casting: Sandblast (safe; 1% risk of failure)
Confirm with . or Enter, or press ? or * to list all spells.
Aiming: Sandblast (safe; 1% risk of failure)
Press: ? - help, Shift-Dir - straight line, f/p - wight
Aim: a wight, wielding a +5 hand axe and wearing a +0 robe (almost destroyed, 84% to hit)
The blast of sand misses the wight.
The wight barely misses you. The wight hits you with a +5 hand axe!
You die...

###########
#@z<......###
#.###.......#
#.# #.......#
#.#
#.......######
#.#
#....†........
#.#
#.......######
#.# #.......#
#.###.......#
* .......<###


You could see a wight.

Vanquished Creatures
  A sky beast (D:5)
  A hound (D:6)
  2 iguanas
  2 orc wizards (D:4)
  2 adders
  An ufetubus (D:5)
  A worm (D:2)
  5 orcs
  2 endoplasms (D:2)
  A goblin (D:2)
  A hobgoblin (D:2)
  2 jackals (D:4)
  A quokka (D:5)
  A ball python (D:2)
  A frilled lizard (D:2)
  2 kobolds (D:2)
  3 rats
29 creatures vanquished.

Notes
Turn   | Place    | Note
-------+----------+-------------------------------------------
     0 | D:1      | redmage the Meteoran Earth Elementalist began the quest for
                  | the Orb.
     0 | D:1      | Reached XP level 1. HP: 14/14 MP: 5/5
    15 | D:2      | Reached skill level 4 in Earth Magic
    15 | D:2      | Reached XP level 2. HP: 20/20 MP: 1/7
    89 | D:2      | Reached XP level 3. HP: 26/26 MP: 6/8
   102 | D:2      | Learned a level 2 spell: Passwall
   112 | D:2      | Learned a level 3 spell: Stone Arrow
   149 | D:4      | Reached skill level 5 in Earth Magic
   149 | D:4      | Reached XP level 4. HP: 8/33 MP: 2/9
   150 | D:4      | Reached skill level 1 in Conjurations
   187 | D:5      | Entered Level 5 of the Dungeon
   194 | D:5      | Noticed a sky beast
   214 | D:5      | Killed a sky beast
   215 | D:5      | Reached skill level 6 in Earth Magic
   215 | D:5      | Reached XP level 5. HP: 38/38 MP: 2/10
   215 | D:5      | Reached XP level 6. HP: 45/45 MP: 2/11
   243 | D:5      | Found Pigofuqo's Distillery.
   329 | D:6      | Reached skill level 7 in Earth Magic
   367 | D:6      | Slain by a wight

Illustrated notes

Levels and vault maps discovered:
D:1:      wander_arrival_fairy_ring, layout_loops_corners
D:2:      cheibrodos_greedy_goblins, layout_rooms, uniq_robin
D:3:      layout_basic
D:4:      kennysheep_kobold_camp, layout_loops_ring,
          cheibrodos_sewer_entry_drain, minmay_diced_spiral
D:5:      layout_rooms, nicolae_qazlal_beasts_of_the_sky, serial_shops, shop,
          serial_bayou_lagoon_a
D:6:      layout_loops_ring
D:7:      layout_loops_ring, minmay_temple_entry_arrows, enter_bailey_2,
          gammafunk_ghost_nasty_kobolds, grunt_potential

Skill      XL: |  1  2  3  4  5  6 |
---------------+-------------------+-----
Spellcasting   | 3 |  3.0
Earth Magic    | 4 5 6 7 |  7.2
Conjurations   | 2 |  2.9
Fighting       | |  0.2
Short Blades   | |  0.3
Dodging        | |  2.4
Stealth        | |  1.4
Transmutations | |  1.2

Action                     |  1- 3 |  4- 6 || total
---------------------------+-------+-------++-------
  Melee: Short sword       |       |    14 ||    14
   Cast: Sandblast         |    24 |    22 ||    46
         Stone Arrow       |       |     8 ||     8
    Use: Scroll            |       |     2 ||     2
         Potion            |       |     1 ||     1
 Armour: Robe              |     1 |     4 ||     5
  Dodge: Dodged            |     2 |    16 ||    18
